 Dungeon Crawl Stone Soup version 0.24-a0-493-g7e4ddcd485 (webtiles) character file.

Game seed: 16426495622379622301

151 Ge0ff the Firebug (level 5, -1/29 HPs)
             Began as a Tengu Fire Elementalist on July 12, 2019.
             Killed from afar by Sigmund (4 damage)
             ... with a magic dart
             ... on level 3 of the Dungeon.
             The game lasted 00:10:40 (2439 turns).

Ge0ff the Firebug (Tengu Fire Elementalist)         Turns: 2439, Time: 00:10:41

Health: -1/29      AC:  4    Str:  9    XL:     5   Next: 33%
Magic:  0/9        EV: 12    Int: 16    God:
Gold:   120        SH:  0    Dex: 14    Spells: 4/8 levels left

rFire    . . .     SeeInvis .   a - +3 dagger {don't train}
rCold    . . .     Gourm    .   (no shield)
rNeg     . . .     Faith    .   s - +0 robe
rPois    .         Spirit   .   (helmet restricted)
rElec    .         Reflect  .   (no cloak)
rCorr    .         Harm     .   E - +1 pair of gloves
MR       .....                  (boots unavailable)
Stlth    ++........             D - amulet of rage
HPRegen  0.09/turn              (no ring)
MPRegen  0.11/turn              (no ring)

@: no status effects
A: beak, talons 3, able to fly
a: Fly, Evoke Berserk Rage


You were on level 3 of the Dungeon.
You were not hungry.

You visited 1 branch of the dungeon, and saw 3 of its levels.

You collected 120 gold pieces.

Inventory:

Hand Weapons
 a - a +3 dagger (weapon) {don't train}
 P - a +0 long sword of holy wrath {don't train}
Missiles
 w - 62 stones {don't train}
 z - 11 poisoned darts (quivered) {don't train}
 A - 13 sling bullets {don't train}
 C - 38 arrows
Armour
 s - a +0 robe (worn)
 E - a +1 pair of gloves (worn)
 O - a +0 leather armour
Jewellery
 D - an amulet of rage (around neck)
Scrolls
 t - a scroll of blinking {unknown}
 y - a scroll of teleportation {unknown}
 B - a scroll of remove curse {unknown}
 F - 2 scrolls of fog
 L - a scroll of enchant weapon {unknown}
 M - a scroll of immolation {unknown}
Potions
 H - 2 potions of haste {!q}
 I - a potion of heal wounds {unknown}
 J - a potion of might {unknown}
 K - a potion of berserk rage {unknown}
Comestibles
 r - a ration
 N - 4 chunks of flesh


   Skills:
 - Level 1.0 Fighting
 - Level 2.1 Dodging
 - Level 2.0 Stealth
 - Level 2.0 Spellcasting
 * Level 4.5 Conjurations
 * Level 5.0 Fire Magic


You had 4 spell levels left.
You knew the following spells:

 Your Spells              Type           Power        Failure   Level  Hunger
d - Conjure Flame         Conj/Fire      ###.....     9%          3    ###....
k - Flame Tongue          Conj/Fire      ###..        3%          1    #......

Your spell library contained the following spells:

 Spells                   Type           Power        Failure   Level  Hunger
 Throw Flame              Conj/Fire      ###...       4%          2    ###....
 Inner Flame              Hex/Fire       #.......     22%         3    ###....
 Sticky Flame             Conj/Fire      ###.....     28%         4    #####..
 Fireball                 Conj/Fire      ###.......   63%         5    ######.


Dungeon Overview and Level Annotations

Branches:
Dungeon (3/15)

Altars:
Elyvilon
Okawaru

Annotations:
D:3 Sigmund


Innate Abilities, Weirdness & Mutations

You have a beak for a mouth.
You have claws for feet.
You can fly continuously.


Message History

Confirm with . or Enter, or press ? or * to list all spells.
Aiming: Flame Tongue (safe; 3% risk of failure)
Press: ? - help, Shift-Dir - straight line You hear some strange, mumbled words.
Something tries to affect you, but you resist.
Casting: Flame Tongue (safe; 3% risk of failure)
Confirm with . or Enter, or press ? or * to list all spells.
Aiming: Flame Tongue (safe; 3% risk of failure)
Press: ? - help, Shift-Dir - straight line The flame tongue hits something.
Something hits you!
* * * LOW HITPOINT WARNING * * *
Casting: Flame Tongue (safe; 3% risk of failure)
Confirm with . or Enter, or press ? or * to list all spells.
Aiming: Flame Tongue (safe; 3% risk of failure)
Press: ? - help, Shift-Dir - straight line Something hits you but does no damage.
Okay, then.
A magic dart appears from out of thin air!
The magic dart hits you.
You die...

.. #.#.... #.. #....# # #
####..#### .. #........###
..# # #.....{#...# ...# .
#......###.### ....# #
#(....[###...#.>...# #
#.......####..# # #.#
#......@..###.....# # #.#
#......##.#######... #.#
#......##.......# . #.#
#.......###.....# #.#
#######.###.....# #.#
#####....#.....#
######.####..)[..........#
..........).###รท...#.....#
######.###### #....#.....#


There were no monsters in sight!

Vanquished Creatures
  An orc priest (D:3)
  Natasha (twice) (D:3)
  3 gnolls (D:2)
  A dart slug (D:1)
  3 leopard geckos
  3 orcs (D:3)
  A ball python (D:2)
  3 bats
  2 giant cockroaches (D:1)
  6 goblins (D:1)
  2 hobgoblins (D:1)
  3 kobolds
  3 frilled lizards (D:1)
  5 rats
38 creatures vanquished.

Notes
Turn   | Place    | Note
-------+----------+-------------------------------------------
     0 | D:1      | Ge0ff the Tengu Fire Elementalist began the quest for the
                  | Orb.
     0 | D:1      | Reached XP level 1. HP: 10/10 MP: 4/4
   216 | D:1      | Reached XP level 2. HP: 13/16 MP: 1/6
   893 | D:1      | Reached XP level 3. HP: 14/20 MP: 7/7
   898 | D:1      | Learned a level 3 spell: Conjure Flame
  1192 | D:2      | Reached skill level 1 in Fighting
  1194 | D:2      | Reached skill level 4 in Fire Magic
  1593 | D:2      | Found an iron altar of Okawaru.
  1593 | D:2      | Found a white marble altar of Elyvilon.
  1664 | D:2      | Reached XP level 4. HP: 25/25 MP: 6/8
  2174 | D:3      | Noticed Natasha
  2185 | D:3      | Killed Natasha
  2192 | D:3      | Gained mutation: You can fly continuously. [Tengu growth]
  2192 | D:3      | Reached XP level 5. HP: 26/29 MP: 0/9
  2203 | D:3      | Noticed Natasha
  2209 | D:3      | Killed Natasha
  2383 | D:3      | Reached skill level 5 in Fire Magic
  2413 | D:3      | Noticed Sigmund
  2439 | D:3      | Killed from afar by Sigmund

Levels and vault maps discovered:
D:1:      minmay_arrival_arboretum_small, layout_basic, lemuel_old_faithful
D:2:      layout_rooms, gammafunk_temple_overflow_pools
D:3:      layout_rooms, uniq_sigmund, uniq_natasha

Skill      XL: |  1  2  3  4  5 |
---------------+----------------+-----
Conjurations   | 2 3 4 |  4.5
Fighting       | 1 |  1.0
Fire Magic     | 4 5 |  5.0
Dodging        | |  2.1
Stealth        | |  2.0
Spellcasting   | |  2.0

Action                   |  1- 3 |  4- 6 || total
-------------------------+-------+-------++-------
Melee: Dagger            |     3 |    11 ||    14
       Peck              |       |     1 ||     1
Throw: Stone             |     7 |       ||     7
       Dart              |    39 |    16 ||    55
 Cast: Flame Tongue      |    28 |    31 ||    59
 Abil: Evoke Berserk Rag |       |     1 ||     1
  Use: Scroll            |       |     3 ||     3
       Potion            |       |     2 ||     2
 Stab: Sleeping          |       |     1 ||     1
  Eat: Ration            |     1 |       ||     1
       Chunk             |       |     3 ||     3
Armor: Robe              |     3 |     5 ||     8
Dodge: Dodged            |    10 |    16 ||    26

Table legend:
 A = Non-vault XP
 B = Vault XP
 C = Vault XP percentage of total XP
 D = Non-vault monster count
 E = Vault monster count
 F = Vault count percentage of total count
                 A         B        C        D         E       F
            +---------+---------+-------+---------+---------+-------
      Total |     182 |      35 |  16.1 |      37 |       1 |   2.6
            +---------+---------+-------+---------+---------+-------
        D:1 |      36 |       0 |   0.0 |      20 |       0 |   0.0
        D:2 |      51 |       0 |   0.0 |       8 |       0 |   0.0
        D:3 |      95 |      35 |  26.9 |       9 |       1 |  10.0
            +---------+---------+-------+---------+---------+-------

Levels and vault maps discovered:
D:1:      minmay_arrival_arboretum_small, layout_basic, lemuel_old_faithful
D:2:      layout_rooms, gammafunk_temple_overflow_pools
D:3:      layout_rooms, uniq_sigmund, uniq_natasha
